 Dungeon Crawl Stone Soup version 0.32-a0-871-ge202e49faa (webtiles) character file.

Game seed: 2006199360328058089

80592 Biggs the Marksgoblin (level 15, 0/112 HPs)
             Began as a Coglin Hunter on Mar 29, 2024.
             Was the Champion of Okawaru.
             Splashed by a goliath frog's acid (3 damage)
             ... on level 2 of the Swamp.
             The game lasted 00:30:40 (16642 turns).

Biggs the Marksgoblin (Coglin Hunter)              Turns: 16642, Time: 00:30:40

Health: 0/112      AC: 12    Str: 17    XL:     15   Next: 33%
Magic:  21/21      EV: 22    Int:  8    God:    Okawaru [******]
Gold:   984        SH:  0    Dex: 25    Spells: 14/14 levels left

rFire   + . .        J - +5 hand cannon of the Warrior-Mage {flame, Str+5}
rCold   + + .        a - +2 sling (elec) {Dalbir}
rNeg    . . .        G - +0 troll leather armour
rPois   +            j - +0 helmet
rElec   .            B - +0 cloak
rCorr   +            I - +2 pair of gloves of Responsibility {^Drain rC++}
SInv    .            r - +2 pair of boots
Will    +....        (amulet unavailable)
Stlth   +            (ring unavailable)
HPRegen 1.18/turn    (ring unavailable)
MPRegen 0.17/turn    N - adeledicnander capacitor {Rampage Acrobat rPois rF+ rCorr}

%: acrobat, rampage
@: about to teleport, revved, very slow
A: off-hand wielding, slow wielding, warmup strikes, no jewellery
a: Renounce Religion, Heroism, Finesse, Duel


You were on level 2 of the Swamp.
You worshipped Okawaru.
Okawaru was exalted by your worship.
You visited 4 branches of the dungeon, and saw 18 of its levels.

You collected 984 gold pieces.

Inventory:

Hand Weapons
 a - a +2 sling of electrocution (offhand) {Dalbir}
 J - the +5 hand cannon of the Warrior-Mage (weapon) {flame, Str+5}
   (Okawaru gifted it to you on level 1 of the Lair of Beasts)

   Str+5:     It affects your strength (+5).
Missiles
 p - 3 throwing nets
Armour
 j - a +0 helmet (worn)
 r - a +2 pair of boots (worn)
 y - the +0 leather armour of Tenacity {+Blink Fly rC+ Stlth-}
   (You found it on level 7 of the Dungeon)

   rC+:       It protects you from cold.
   Fly:       It grants you flight.
   +Blink:    It lets you blink.
   Stlth-:    It makes you less stealthy.
 B - a +0 cloak (worn)
 G - a +0 troll leather armour (worn)
 I - the +2 pair of gloves of Responsibility (worn) {^Drain rC++}
   (Okawaru gifted it to you on level 1 of the Lair of Beasts)

   rC++:      It greatly protects you from cold.
   ^Drain:    It drains your maximum health when unequipped.
Gizmo
 N - an adeledicnander capacitor (installed) {Rampage Acrobat rPois rF+ rCorr}
   (You invented it yourself on level 4 of the Lair of Beasts)

   [adeledicnander capacitor]

   rF+:       It protects you from fire.
   rPois:     It protects you from poison.
   rCorr:     It protects you from acid and corrosion.
   Rampage:   It bestows one free step when moving towards enemies.
   Acrobat:   It increases your evasion after moving or waiting.
Wands
 d - a wand of mindburst (9)
 f - a wand of digging (8)
 l - a wand of iceblast (35)
 C - a wand of flame (12)
 O - a wand of polymorph (8)
Scrolls
 b - 3 scrolls of butterflies
 g - 6 scrolls of noise
 n - 4 scrolls of vulnerability
 o - 5 scrolls of fog
 s - 3 scrolls of revelation
 v - 2 scrolls of immolation
 w - 4 scrolls of enchant weapon
 x - a scroll of blinking
 z - 2 scrolls of teleportation
 D - a scroll of amnesia {unknown}
 E - a scroll of poison {unknown}
 H - a scroll of acquirement {unknown}
 K - 3 scrolls of brand weapon
 L - 2 scrolls of identify
 M - a scroll of fear
Potions
 c - a potion of attraction {unknown}
 e - 3 potions of mutation {unknown}
 i - a potion of lignification {unknown}
 k - 3 potions of invisibility {unknown}
 m - 4 potions of degeneration {unknown}
 q - 2 potions of haste {unknown}
 t - a potion of berserk rage {unknown}
 u - 5 potions of enlightenment {unknown}
 A - 3 potions of curing {unknown}
 F - a potion of magic {unknown}


   Skills:
 + Level 8.8 Fighting
 - Level 18.0 Ranged Weapons
 - Level 3.4 Armour
 - Level 12.4 Dodging
 - Level 0.7 Stealth
 - Level 8.0 Invocations


You had 14 spell levels left.
You didn't know any spells.
Your spell library contained the following spells:

 Spells                   Type           Power      Damage    Failure   Level
 Freeze                   Ice            0%         1d3       45%         1
 Sandblast                Erth           0%         2d4       45%         1
 Sting                    Conj/Alch      0%         1d3       45%         1
 Cigotuvi's Dreadful Rot  Necr/Alch/Air  0%         N/A       61%         2
 Jinxbite                 Hex            0%         N/A       61%         2
 Mercury Vapours          Alch/Air       0%         N/A       61%         2
 Dazzling Flash           Conj/Hex       0%         N/A       83%         3
 Frozen Ramparts          Ice            0%         1d1       83%         3
 Hailstorm                Conj/Ice       0%         3d5       83%         3
 Inner Flame              Hex/Fire       0%         N/A       83%         3
 Mephitic Cloud           Conj/Alch/Air  0%         N/A       83%         3
 Stone Arrow              Conj/Erth      0%         3d7       83%         3
 Teleport Other           Tloc           0%         N/A       83%         3
 Brom's Barrelling Bould  Conj/Erth      0%         2d3       99%         4
 Dispel Undead            Necr           0%         3d6       99%         4
 Flame Wave               Conj/Fire      0%         2d4       99%         4
 Olgreb's Toxic Radiance  Alch           0%         N/A       99%         4
 Sticky Flame             Fire/Alch      0%         2d4       99%         4
 Curse of Agony           Necr           0%         N/A       100%        5
 Silence                  Hex/Air        0%         N/A       100%        5
 Yara's Violent Unravell  Hex/Alch       0%         3d3       100%        5
 Conjure Ball Lightning   Conj/Air       0%         3x3d6     100%        6
 Dispersal                Tloc           0%         N/A       100%        6
 Gell's Gavotte           Tloc           0%         2d(11-16) 100%        6
 Permafrost Eruption      Ice/Erth       0%         2x4d2     100%        6
 Enfeeble                 Hex            0%         N/A       100%        7
 Discord                  Hex            0%         N/A       100%        8
 Disjunction              Tloc           0%         N/A       100%        8
 Lehudib's Crystal Spear  Conj/Erth      0%         10d2      100%        8
 Summon Ice Beast         Ice/Summ       Unusable   N/A       N/A         3
 Animate Armour           Summ/Erth      Unusable   N/A       N/A         4
 Martyr's Knell           Necr/Summ      Unusable   N/A       N/A         4
 Summon Mana Viper        Hex/Summ       Unusable   N/A       N/A         5
 Sculpt Simulacrum        Ice/Alch       Unusable   N/A       N/A         6

Dungeon Overview and Level Annotations

Branches:
Dungeon (10/15)            Temple (1/1) D:5            Lair (5/5) D:10
  Swamp (2/4) Lair:3        Snake (0/4) Lair:3        Slime (0/5) Lair:5
    Orc (0/2) D:9

Altars:
Ashenzari
Cheibriados
Dithmenos
Elyvilon
Fedhas
Gozag
Hepliaklqana
Kikubaaqudgha
Makhleb
Nemelex Xobeh
Okawaru
Qazlal
Ru
Sif Muna
Trog
Uskayaw
Vehumet
Wu Jian
Xom
Yredelemnul
Zin
The Shining One
Jiyva

Annotations:
D:5 1 runed translucent door, zewo's ghost, novice DrWr


Innate Abilities, Weirdness & Mutations

You can wield a second weapon in your off-hand.
It takes a long time for you to wield or remove held weapons.
Your first few attacks do less damage.
You cannot equip rings or amulets.


Message History

The eleionoma is almost dead.
You feel roots moving beneath the ground.
A root smacks you from below!! The spriggan rider barely misses you.
The eleionoma hurls a spray of splinters at you.
The spray of wooden splinters hits you!
Unknown command.
You are too injured to fight recklessly!
Unknown command.
As you read the scroll of teleportation, it crumbles to dust.
You feel strangely unstable.
Trunks creak and shift.
You are hit by a branch!
* * * LOW HITPOINT WARNING * * *
The goliath frog misses you.
The spriggan rider hits you from afar with a +0 spear!
* * * LOW HITPOINT WARNING * * *
The goliath frog barely misses you.
The eleionoma touches a tree and draws upon its vitality.
The eleionoma is healed.
Unknown command.
You enter the shallow water.
Moving in this stuff is going to be slow.
Branches wave dangerously above you.
The eleionoma hurls a spray of splinters at you.
The spray of wooden splinters misses you.
The spriggan rider misses you.
Unknown command.
Unknown command.
You feel much better. The goliath frog misses you.
The spriggan druid casts a spell.
The spriggan druid is healed somewhat.
The spriggan rider hits you from afar with a +0 spear!
* * * LOW HITPOINT WARNING * * *
The eleionoma hurls a spray of splinters at you.
The spray of wooden splinters hits you!!
* * * LOW HITPOINT WARNING * * *
The spriggan rider barely misses you. The goliath frog hits you from afar!
* * * LOW HITPOINT WARNING * * *
You are splashed with acid.
You resist.
You die...

. ≈≈≈. ..
~~≈♣ ♣.~ .~≈♣
~..≈ ♣♣♣.~≈♣
♣..w~ ♣<♣.~≈♣
...≈~.♣R♣.~≈♣
~~?≈~.i...~≈♣
~.i≈~~F°@~§≈♣
~..≈≈≈i≈≈≈≈≈♣
..~.~.$.♣.♣♣♣
~§.§~~....♣
..?♣♣~~~♣.♣
.♣♣ ♣♣.♣♣.♣
♣♣ .♣ ..


You could see an eleionoma, a tyrant leech, 2 spriggan riders, a spriggan druid
and a goliath frog.

Vanquished Creatures
  An eleionoma (Swamp:1)
  2 bunyips (Swamp:1)
  A fire dragon (Lair:5)
  Harold (D:9)
  2 hydras (Swamp:1)
  A ghost crab (Swamp:1)
  2 catoblepae
  2 boulder beetles
  2 two-headed ogres
  2 skysharks
  A swamp dragon (Swamp:1)
  2 bog bodies
  A lindwurm (Lair:5)
  2 oklob plants (Lair:5)
  29 elephants
  Maurice (D:7)
  5 black mambas
  3 molten gargoyles (Lair:5)
  2 torpor snails
  7 rime drakes
  12 cane toads
  12 komodo dragons
  2 trolls
  4 hornets
  4 polar bears
  2 tyrant leeches (Swamp:1)
  Prince Ribbit (D:6)
  34 blink frogs
  17 dream sheep
  16 wyverns
  3 spriggans (Swamp:1)
  10 basilisks
  70 yaks
  Grum (D:8)
  2 vampire mosquitoes (Swamp:1)
  A naga (Lair:3)
  2 steam dragons (Lair:5)
  Menkaure (D:6)
  5 swamp worms (Swamp:1)
  An acid dragon (D:9)
  14 water moccasins
  4 hell hounds (Lair:5)
  2 orc warriors (D:9)
  2 sky beasts (D:6)
  2 black bears
  3 ice beasts
  30 wolves
  4 centaurs
  4 kobold brigands
  17 bullfrogs
  A gnoll sergeant (D:8)
  2 scorpions (D:5)
  9 wights
  A killer bee (D:9)
  3 howler monkeys (D:10)
  2 bombardier beetles
  5 lava snakes (Lair:5)
  5 jellies
  4 hounds
  4 orc priests
  4 iguanas
  2 sleepcaps
  3 orc wizards
  4 hell rats (Lair:3)
  Robin (D:2)
  7 gnolls
  7 adders
  A shadow imp (D:5)
  2 white imps (D:6)
  3 dart slugs
  22 orcs
  12 ball pythons
  2 bats (D:2)
  9 endoplasms
  5 giant cockroaches
  18 goblins
  7 hobgoblins
  28 kobolds
  A quokka (D:3)
  3 frilled lizards
  5 rats
533 creatures vanquished.

Notes
Turn   | Place    | Note
-------+----------+-------------------------------------------
     0 | D:1      | Biggs the Coglin Hunter began the quest for the Orb.
     0 | D:1      | Reached XP level 1. HP: 16/16 MP: 1/1
   266 | D:1      | Reached skill level 4 in Ranged Weapons
   266 | D:1      | Reached XP level 2. HP: 22/22 MP: 2/2
  1065 | D:2      | Reached XP level 3. HP: 27/27 MP: 3/3
  1192 | D:2      | Noticed Robin
  1206 | D:2      | Killed Robin
  1207 | D:2      | Reached skill level 5 in Ranged Weapons
  1207 | D:2      | Reached XP level 4. HP: 27/33 MP: 4/4
  1665 | D:3      | Found a sparkling altar of Nemelex Xobeh.
  1902 | D:3      | Reached XP level 5. HP: 31/38 MP: 5/5
  2060 | D:4      | Reached skill level 6 in Ranged Weapons
  2437 | D:4      | Reached XP level 6. HP: 44/44 MP: 6/6
  2948 | D:4      | Found an ancient bone altar of Kikubaaqudgha.
  3249 | D:5      | Entered Level 5 of the Dungeon
  3266 | D:5      | Reached skill level 7 in Ranged Weapons
  3458 | D:5      | Reached XP level 7. HP: 50/50 MP: 7/7
  3465 | D:5      | Found a staircase to the Ecumenical Temple.
  3489 | Temple   | Entered the Ecumenical Temple
  3515 | Temple   | Became a worshipper of Warmaster Okawaru
  3632 | D:5      | Found a bloodstained altar of Trog.
  3672 | D:5      | Reached skill level 8 in Ranged Weapons
  3707 | D:5      | Found a runed translucent door.
  3715 | D:5      | Noticed zewo's ghost (novice DrWr)
  4314 | D:6      | Noticed Menkaure
  4318 | D:6      | Killed Menkaure
  4319 | D:6      | Reached XP level 8. HP: 48/56 MP: 8/8
  4390 | D:6      | Reached * piety under Okawaru
  4566 | D:6      | Noticed Prince Ribbit
  4573 | D:6      | Killed Prince Ribbit
  4664 | D:6      | Noticed a yak
  4666 | D:6      | Noticed a yak
  4667 | D:6      | Noticed a yak
  4668 | D:6      | Noticed a yak
  4669 | D:6      | Noticed a yak
  4696 | D:5      | Killed a yak
  4839 | D:6      | Reached skill level 5 in Fighting
  4917 | D:6      | Reached ** piety under Okawaru
  5017 | D:6      | Reached skill level 9 in Ranged Weapons
  5017 | D:6      | Reached XP level 9. HP: 44/68 MP: 9/9
  5113 | D:6      | Got the Incunable of Tragic Snow
  5147 | D:6      | Identified the +2 ring mail of Restlessness {rElec rC+}
  5481 | D:4      | Reached skill level 10 in Ranged Weapons
  5805 | D:6      | Reached *** piety under Okawaru
  6161 | D:7      | Identified the +0 leather armour of Tenacity {+Blink Fly
                  | rC+ Stlth-}
  6564 | D:7      | Reached skill level 11 in Ranged Weapons
  6725 | D:7      | Noticed Maurice
  6736 | D:7      | Killed Maurice
  6849 | D:7      | Reached **** piety under Okawaru
  6850 | D:7      | Reached XP level 10. HP: 32/74 MP: 10/10
  7301 | D:8      | Found a burning altar of Makhleb.
  7326 | D:8      | Reached skill level 12 in Ranged Weapons
  7661 | D:8      | Found a hide-covered altar of Uskayaw.
  7782 | D:8      | Noticed Grum
  8391 | D:8      | Killed Grum
  8392 | D:8      | Reached skill level 13 in Ranged Weapons
  8936 | D:9      | Noticed a two-headed ogre
  8948 | D:9      | Killed a two-headed ogre
  9040 | D:9      | Reached ***** piety under Okawaru
  9261 | D:9      | Found a radiant altar of Vehumet.
  9475 | D:9      | Found a staircase to the Orcish Mines.
  9475 | D:9      | Noticed Harold
 10068 | D:9      | Reached skill level 14 in Ranged Weapons
 10147 | D:9      | Killed Harold
 10147 | D:9      | Received a gift from Okawaru
 10148 | D:9      | Reached XP level 11. HP: 50/79 MP: 11/11
 10418 | D:10     | Entered Level 10 of the Dungeon
 10469 | D:10     | Found a staircase to the Lair.
 10866 | D:10     | Noticed a two-headed ogre
 10872 | D:10     | Killed a two-headed ogre
 10873 | D:10     | Reached skill level 15 in Ranged Weapons
 11169 | Lair:1   | Entered Level 1 of the Lair of Beasts
 11255 | Lair:1   | Received a gift from Okawaru
 11460 | Lair:1   | Noticed a boulder beetle
 11681 | Lair:1   | Killed a boulder beetle
 11681 | Lair:1   | Reached ****** piety under Okawaru
 11723 | Lair:1   | Acquired the +2 pair of gloves of Responsibility {^Drain
                  | rC++}
 11723 | Lair:1   | Received a gift from Okawaru
 11730 | Lair:1   | Acquired the +5 hand cannon of the Warrior-Mage {flame,
                  | Str+5}
 11730 | Lair:1   | Received a gift from Okawaru
 11771 | Lair:1   | Reached XP level 12. HP: 87/94 MP: 12/12
 11785 | Lair:1   | Received a gift from Okawaru
 11888 | Lair:1   | Reached skill level 16 in Ranged Weapons
 12215 | Lair:2   | Received a gift from Okawaru
 12386 | Lair:2   | Reached skill level 17 in Ranged Weapons
 12807 | Lair:2   | Reached XP level 13. HP: 83/99 MP: 13/13
 13034 | Lair:3   | Received a gift from Okawaru
 13051 | Lair:3   | Reached skill level 18 in Ranged Weapons
 13065 | Lair:3   | Reached skill level 1 in Invocations
 13191 | Lair:3   | Found a staircase to the Swamp.
 13193 | Lair:3   | Received a gift from Okawaru
 13333 | Lair:3   | Found a staircase to the Snake Pit.
 13353 | Lair:3   | Reached skill level 5 in Invocations
 13613 | Lair:3   | Received a gift from Okawaru
 14087 | Lair:4   | Reached skill level 1 in Armour
 14117 | Lair:4   | Reached XP level 14. HP: 106/106 MP: 20/20
 14201 | Lair:4   | Received a gift from Okawaru
 14202 | Lair:4   | Reached skill level 5 in Dodging
 14334 | Lair:4   | Acquired an adeledicnander capacitor {Rampage Acrobat rPois
                  | rF+ rCorr}
 14551 | Lair:5   | Entered Level 5 of the Lair of Beasts
 14883 | Lair:5   | Found a large runed translucent door.
 14883 | Lair:5   | Found a large runed translucent door.
 14889 | Lair:5   | Received a gift from Okawaru
 14893 | Lair:5   | Got an earthy gem with 93 turns to spare
 15376 | Lair:5   | Reached skill level 10 in Dodging
 15382 | Lair:5   | Received a gift from Okawaru
 15595 | Lair:5   | Reached XP level 15. HP: 110/112 MP: 21/21
 15599 | Lair:5   | Received a gift from Okawaru
 15808 | Lair:5   | Found a viscous altar of Jiyva.
 15824 | Lair:5   | Found a staircase to the Slime Pits.
 16044 | Swamp:1  | Entered Level 1 of the Swamp
 16642 | Swamp:2  | HP: 3/112 [goliath frog (11)]
 16642 | Swamp:2  | Splashed by a goliath frog's acid

Illustrated notes

Levels and vault maps discovered:
D:1:      erik_arrival_triangle_small, layout_basic
D:2:      layout_loops_ring, uniq_robin
D:3:      minmay_chambers_of_twos, layout_rooms, nemelex_spade_bored_becter
D:4:      layout_loops_ring, nicolae_kikubaaqudgha_miasma_corner,
          serial_co_window_serial, co_window_corner_a,
          co_window_of_opportunity_a, co_window_paths_a, co_window_cross_1,
          co_window_of_opportunity_a, co_window_corner_a,
          co_window_of_opportunity_b, co_window_paths_c, co_window_corner_b,
          co_window_unsneaky_path_e, co_window_of_opportunity_b,
          co_window_unsneaky_path_a, co_window_4corner_b, glass_columns_b,
          glass_columns_c, glass_columns_a, glass_columns_b
D:5:      cheibrodos_quashed, layout_layer_cave,
          mainiacjoe_overflow_concentric_impassable,
          minmay_temple_entry_slanted, ebering_ghost_reflecting_pool,
          grunt_decor_one_mirror
D:6:      layout_gridville, nicolae_twisty_statue_hallways, uniq_menkaure,
          uniq_prince_ribbit1
D:7:      layout_cave_pods, uniq_maurice
D:8:      layout_layer_cave, bloody_makhleb, nicolae_uskayaw_dance_studio,
          uniq_grum
D:9:      layout_roguey, mainiacjoe_overflow_alcove_1, david_orc_3, st_stairs_1,
          uniq_harold
D:10:     layout_basic, lair_entry_dummy
Temple:   kb_temple_of_zot
Lair:1:   layout_roguey, infiniplex_staircase_pool
Lair:2:   layout_regular_city, wad_woods_road_06, beast_lair_carwin_7
Lair:3:   layout_roguey, skrybe_swamp_entry_bodies, guppyfry_snake_entry_garden,
          special_room [special_room_mythical_zoo]
Lair:4:   layout_big_grid
Lair:5:   cheibrodos_lair_end_hotspot, layout_misc_corridors,
          minmay_slime_entry_oklob_enclosed, lemuel_fruit_tree
Swamp:1:  layout_basic_swamp, evilmike_swamp_ruin_house_1
Swamp:2:  layout_falls_marsh, nicolae_swamp_ascending_descending, swamp_pool_1_2

Skill      XL: |  1  2  3  4  5  6  7  8  9 10 11 12 13 14 15 |
---------------+----------------------------------------------+-----
Ranged Weapons | 4 5 6 7 8 9 11 14 15 17 18 | 18.0
Dodging        | 3 4 10 12 | 12.4
Fighting       | 5 8 |  8.8
Invocations    | 8 |  8.0
Armour         | 2 3 |  3.4
Stealth        | |  0.7

Action                     |  1- 3 |  4- 6 |  7- 9 | 10-12 | 13-15 || total
---------------------------+-------+-------+-------+-------+-------++-------
   Fire: Sling             |   120 |   272 |   524 |   987 |   599 ||  2502
         Hand cannon       |       |       |       |   131 |   599 ||   730
 Invoke: Receive Weapon    |       |       |       |     1 |       ||     1
         Receive Armour    |       |       |       |     1 |       ||     1
         Finesse           |       |       |       |       |     1 ||     1
Ability: Invent Gizmo      |       |       |       |       |     1 ||     1
  Evoke: Wand              |       |       |     3 |     6 |       ||     9
    Use: Scroll            |       |     1 |     9 |     8 |     3 ||    21
         Potion            |       |       |       |     1 |     1 ||     2
 Armour: Leather armour    |     7 |    24 |    53 |    67 |       ||   151
         Ring mail         |       |       |    41 |       |       ||    41
         Troll leather arm |       |       |       |    78 |   232 ||   310
  Dodge: Dodged            |     6 |    22 |    67 |   152 |   227 ||   474

Table legend: (Time is in decaauts)
 A = Elapsed time spent in this place.
 B = Non-inter-level travel time spent in this place.
 C = Inter-level travel time spent in this place.
 D = Time resting spent in this place.
 E = Time spent auto-exploring this place.
 F = Levels seen in this place.
 G = Mean time per level.
                   A        B        C        D        E       F      G
               +--------+--------+--------+--------+--------+-----+--------+
         Total |  16546 |  15778 |    768 |   1359 |  11871 |  18 |  919.2 |
       Dungeon |  11092 |  10592 |    500 |    926 |   8203 |  10 | 1109.2 |
        Temple |     52 |      2 |     50 |      0 |      0 |   1 |   52.0 |
          Lair |   4775 |   4567 |    208 |    305 |   3290 |   5 |  955.0 |
         Swamp |    625 |    615 |     10 |    128 |    378 |   2 |  312.5 |
               +--------+--------+--------+--------+--------+-----+--------+

Top non-repeatable levels by time:
     D:8: 1755 daAuts
     D:4: 1360 daAuts
     D:7: 1333 daAuts
     D:5: 1327 daAuts
     D:6: 1258 daAuts
     D:9: 1161 daAuts
  Lair:5: 1132 daAuts
  Lair:1: 976 daAuts
  Lair:3: 921 daAuts
  Lair:4: 896 daAuts
     D:1: 880 daAuts
  Lair:2: 849 daAuts
    D:10: 736 daAuts
     D:2: 667 daAuts
 Swamp:1: 614 daAuts
